Map: Orbital Shipyard

Players

LilDicky - Winner!

  • Race: Terran Terran
  • League: Diamond

Ucumar

  • Race: Zerg Zerg
  • League: Diamond

VOD

http://www.twitch.tv/tumescentpie

Description

Time

  • Played on: Dec. 4, 2015, 11:33 a.m.
  • Length: 18:37
Show
View Real Time Build Order
Export as new Build Order

LilDicky Terran - Winner!

Build Orders: Reaper Expand, Bio Tank, MMM Bio 

Get SALT Encoding   

  12  0:01  SCV  
  13  0:13  SCV  
  14  0:18  Supply Depot  
  14  0:26  SCV  
  15  0:37  Refinery  
  15  0:45  Barracks  
  15  0:47  SCV  
  16  0:59  SCV  
  17  1:12  SCV  
  19  1:25  SCV  
  19  1:33  Reaper  
  19  1:37  Orbital Command  
  20  1:46  Command Center  
  20  2:04  SCV  
  21  2:10  Marine  
  22  2:21  Refinery  
  22  2:23  SCV  
  22  2:27  Supply Depot  
  23  2:34  Command Center  
  23  2:39  Barracks Reactor  
  23  2:49  SCV  
  24  3:01  SCV  
  25  3:09  Barracks  
  25  3:12  Barracks  
  25  3:14  Factory  
  25  3:18  SCV  
  25  3:19  Orbital Command  
  26  3:23  Marine  
  26  3:26  Marine  
  28  3:33  SCV  
  29  3:42  Marine  
  29  3:45  SCV  
  31  3:53  Orbital Command  
  30  3:56  Marine x2  
  30  3:57  Bunker  
  30  4:00  Factory Tech Lab, Marine  
  33  4:07  SCV x2  
  33  4:09  Marine  
  36  4:18  Marine  
  36  4:19  SCV x2  
  36  4:20  Siege Tank  
  36  4:22  Barracks Tech Lab  
  42  4:27  Barracks Tech Lab  
  42  4:32  SCV  
  42  4:36  SCV x2  
  45  4:38  Marine  
  45  4:39  Refinery  
  45  4:40  Refinery  
  45  4:42  Stimpack  
  45  4:45  Combat Shields  
  46  4:48  SCV x2  
  48  4:53  Siege Tank  
  51  5:01  Marauder, Marine x3  
  51  5:06  SCV x2  
  51  5:07  SCV  
  59  5:18  SCV x2  
  61  5:23  Supply Depot x2  
  61  5:33  Engineering Bay  
  61  5:35  Starport  
  61  5:44  SCV, Marauder, Siege Tank, Marine x2  
  61  5:45  SCV x2, Marauder  
  61  5:46  Supply Depot  
  61  5:47  Supply Depot  
  73  5:56  SCV  
  74  5:57  SCV  
  74  6:02  Marine x2  
  77  6:16  Siege Tank, Liberator  
  77  6:17  Marauder  
  82  6:20  Reaper  
  82  6:24  Orbital Command  
  83  6:30  Marine x2  
  85  6:37  SCV x2, Missile Turret  
  90  6:41  Missile Turret  
  90  6:48  Missile Turret  
  90  6:49  Marine  
  90  6:50  Marauder x2  
  90  6:51  Siege Tank  
  98  7:06  Supply Depot  
  98  7:07  Marine x2  
  98  7:08  Supply Depot  
  100  7:09  SCV  
  100  7:10  Terran Infantry Weapons Level 1  
  101  7:15  Barracks  
  101  7:16  Supply Depot x2, Barracks, Marine  
  101  7:17  Marauder  
  101  7:19  Armory  
  101  7:21  SCV  
  105  7:23  SCV  
  105  7:24  SCV  
  105  7:25  Marine  
  105  7:26  Engineering Bay  
  108  7:30  Siege Tank  
  108  7:32  Starport Reactor  
  108  7:33  SCV  
  108  7:35  Marine x2  
  114  7:42  SCV x2  
  115  7:44  Marine x2  
  115  7:45  SCV  
  115  7:46  Concussive Shells  
  118  7:52  Terran Infantry Armor Level 1  
  118  7:53  Marauder, Marine  
  118  7:54  SCV x2  
  118  7:58  SCV  
  123  8:02  Liberator  
  123  8:03  Liberator  
  118  8:15  Marine  
  118  8:16  Marauder, Marine x3  
  118  8:17  Marauder  
  118  8:19  SCV  
  127  8:21  SCV  
  134  8:30  Command Center  
  134  8:32  Supply Depot  
  134  8:33  SCV x2  
  134  8:34  SCV  
  137  8:35  Supply Depot  
  137  8:39  Marine  
  137  8:40  Marine  
  139  8:45  SCV x2  
  139  8:48  SCV  
  137  8:57  SCV x2  
  137  9:00  SCV  
  140  9:08  Marine x2  
  112  9:47  Marine  
  112  9:48  Marine x5  
  112  9:49  Medivac x2  
  114  10:05  Marine  
  114  10:06  Marauder  
  116  10:07  Marine x2  
  116  10:08  Marauder, Marine  
  121  10:18  Barracks  
  121  10:20  Barracks  
  117  10:21  Barracks  
  117  10:22  Barracks  
  117  10:27  Marauder, Marine x3  
  119  10:28  Barracks  
  119  10:29  Barracks x2  
  119  10:30  Marine, Marauder  
  119  10:31  Barracks  
  115  10:38  Planetary Fortress  
  115  10:42  Command Center  
  115  10:45  Marine x3  
  115  10:48  Marine x2  
  120  10:51  Marine  
  119  11:01  SCV x2  
  119  11:03  Marine x3  
  124  11:06  Marine  
  124  11:07  Marauder  
  124  11:09  Marauder  
  129  11:12  Marine  
  129  11:13  Marine x2  
  129  11:15  Terran Infantry Weapons Level 2, Terran Infantry Armor Level 2  
  129  11:17  Barracks Tech Lab x3  
  129  11:18  Barracks Reactor  
  132  11:19  Marine  
  132  11:20  Marine  
  132  11:21  Medivac, Marine x2  
  132  11:22  Medivac  
  132  11:24  Marine  
  141  11:27  Refinery  
  141  11:28  Marauder  
  141  11:29  Refinery  
  141  11:30  Marauder, Marine  
  141  11:31  Command Center, Marine x2  
  148  11:34  Missile Turret x2  
  148  11:37  Marine  
  148  11:38  Marine x2  
  148  11:39  Marine  
  152  11:41  Marine  
  153  11:48  Marine  
  153  11:49  Marauder, Marine x2  
  153  11:52  Marauder  
  160  11:56  Marine  
  138  12:01  Marine  
  138  12:02  Marine x2  
  138  12:03  Medivac x2  
  138  12:04  Marine x3  
  138  12:05  Marauder, Marine x2  
  144  12:11  Marauder  
  144  12:13  Marauder  
  144  12:14  Marine  
  149  12:17  Marine  
  150  12:23  Marauder x2  
  150  12:27  Marauder  
  127  12:39  Marine x2  
  127  12:42  Marine x3  
  127  12:43  Marine x7  
  127  12:44  Marine x2  
  130  12:46  Planetary Fortress  
  130  12:47  Marine  
  133  12:51  Refinery  
  133  12:57  Marine x2  
  135  13:00  Marine x5  
  135  13:01  Marauder x2  
  135  13:02  Marauder x2  
  148  13:06  Marauder  
  148  13:08  Marine  
  151  13:16  Missile Turret x3  
  151  13:17  Missile Turret x2  
  151  13:18  Missile Turret  
  142  13:30  Marine  
  142  13:31  Planetary Fortress, Marine  
  120  13:46  Missile Turret  
  120  13:47  Missile Turret  
  120  13:57  Marine x7  
  120  13:58  Marine x2  
  101  14:29  Marine x2  
  101  14:30  Marine  
  101  14:31  Marine, Marauder x3  
  98  14:32  Marauder  
  98  14:33  Marine  
  98  14:34  Marine  
  98  14:35  Barracks Reactor x4  
  105  14:39  Terran Infantry Weapons Level 3  
  103  14:46  SCV x3  
  89  15:11  Marine x6  
  89  15:12  Marauder x2  
  89  15:13  Medivac x2  
  91  15:14  SCV  
  91  15:15  Refinery  
  91  15:17  SCV  
  91  15:18  SCV x2  
  91  15:19  Marine  
  96  15:22  SCV  
  96  15:23  Marine  
  98  15:33  Marine  
  99  15:37  Marine x2  
  99  15:38  Missile Turret  
  101  15:44  Marine  
  101  15:45  Marine x9  
  101  15:46  Marauder  
  101  15:47  Marine  
  101  15:48  Marauder  
  108  16:03  Marine  
  108  16:04  Marauder  
  111  16:05  Marine x3  
  111  16:06  Marine x2  
  111  16:07  Marine x2  
  118  16:12  Marine  
  119  16:21  Command Center  
  116  16:28  Marine  
  116  16:29  Marine x12  
  116  16:30  Marine  
  116  16:31  Marine  
  129  16:33  SCV  
  129  16:37  Marine x2  
  129  16:39  Medivac  
  117  17:10  Marine x2  
  117  17:11  Marine x6  
  117  17:13  Marine  
  117  17:14  Medivac x2  
  115  17:21  Marine  
  115  17:22  Marine x9  
  114  17:28  Marine x4  
  114  17:29  Marine  
  118  17:34  Planetary Fortress  
  116  17:38  Missile Turret  
  116  17:39  Missile Turret  
  116  17:40  Marauder  
  116  17:41  Marauder  
  118  17:44  Medivac x2  
  113  18:02  Missile Turret  
  113  18:04  Missile Turret  
  113  18:08  Missile Turret x3, Marine  
  113  18:12  Marine x2  
  115  18:13  Marauder, Marine x4  
  115  18:14  Marauder  
  115  18:15  Marine x2  
  115  18:16  Marine x2, Marauder x2  
Show
View Real Time Build Order
Export as new Build Order

Ucumar Zerg 

Build Orders: Hatch First, Lurkers 

Get SALT Encoding   

  12  0:03  Drone  
  13  0:09  Drone  
  14  0:18  Overlord  
  14  0:36  Drone x2  
  14  0:37  Drone  
  17  0:53  Hatchery  
  16  0:59  Drone  
  17  1:09  Spawning Pool  
  16  1:12  Drone  
  16  1:15  Drone  
  18  1:23  Drone, Extractor  
  18  1:34  Drone  
  19  1:41  Overlord  
  19  1:56  Queen  
  19  1:57  Zergling x2  
  22  2:13  Queen  
  22  2:15  Drone x2  
  26  2:16  Drone  
  27  2:26  Hatchery  
  26  2:36  Queen  
  28  2:38  Drone  
  28  2:40  Drone  
  29  2:57  Roach Warren  
  28  3:02  Drone x2  
  30  3:05  Overlord  
  30  3:23  Drone x2  
  32  3:33  Overlord  
  32  3:43  Roach x2  
  32  3:44  Roach x6  
  50  3:55  Drone x3  
  50  4:01  Drone x3  
  50  4:02  Drone x2  
  56  4:06  Spore Crawler  
  55  4:12  Spore Crawler  
  54  4:17  Drone x3  
  54  4:22  Overlord  
  57  4:27  Extractor  
  57  4:29  Drone x2  
  58  4:49  Hatchery  
  57  5:02  Drone x6  
  57  5:03  Drone, Overlord  
  57  5:06  Overlord, Extractor  
  63  5:07  Extractor  
  62  5:19  Drone x3  
  62  5:20  Drone  
  66  5:23  Lair  
  66  5:34  Drone  
  66  5:35  Drone x3  
  70  5:57  Evolution Chamber  
  70  6:00  Evolution Chamber  
  68  6:09  Drone x7  
  68  6:10  Drone  
  76  6:19  Drone  
  76  6:20  Drone x8  
  76  6:23  Zerg Missile Weapons Level 1  
  85  6:26  Zerg Ground Armor Level 1  
  85  6:28  Hydralisk Den  
  85  6:31  Spore Crawler  
  83  6:33  Extractor  
  83  6:36  Glial Reconstitution  
  83  6:39  Roach, Extractor  
  85  6:40  Roach x2  
  85  6:43  Overlord x2  
  87  6:55  Drone  
  87  6:59  Muscular Augments  
  88  7:03  Overlord x2  
  88  7:05  Hydralisk x4  
  96  7:35  Hydralisk x3  
  96  7:36  Hydralisk x3  
  108  7:37  Drone x3  
  108  7:38  Drone x3  
  110  8:08  Hydralisk x3  
  110  8:09  Hydralisk x4  
  112  8:14  Drone  
  112  8:15  Drone x3  
  116  8:21  Overlord x3  
  116  8:28  Hatchery  
  115  8:37  Lurker Den, Zerg Missile Weapons Level 2  
  115  8:38  Zerg Ground Armor Level 2  
  95  8:56  Roach x7  
  95  8:57  Roach x2  
  113  9:16  Hatchery  
  87  9:34  Hydralisk x7  
  87  9:35  Hydralisk x4  
  83  9:52  Hydralisk x2  
  75  9:53  Hydralisk x6  
  87  10:04  Zergling x2  
  86  10:35  Zergling x24  
  92  10:36  Metabolic Boost  
  92  10:41  Drone x2  
  92  10:42  Queen  
  100  11:10  Hatchery, Drone x7  
  106  11:12  Hydralisk x7  
  106  11:13  Hydralisk  
  122  11:19  Infestation Pit  
  122  11:22  Queen  
  122  11:23  Queen x2  
  127  11:35  Hydralisk x7  
  127  11:39  Lurker x2  
  143  11:43  Spore Crawler  
  143  11:44  Spine Crawler  
  108  12:01  Hydralisk  
  108  12:02  Hydralisk x9  
  114  12:21  Spore Crawler  
  114  12:22  Drone  
  108  12:42  Lurker x4  
  112  12:44  Drone  
  112  12:45  Drone x9  
  112  12:47  Extractor  
  112  12:49  Extractor  
  120  13:05  Spore Crawler  
  119  13:16  Pneumatized Carapace  
  96  13:37  Roach x8  
  96  13:38  Roach x7  
  109  13:44  Roach  
  109  13:45  Roach x2  
  74  14:28  Roach  
  74  14:29  Roach x8  
  74  14:30  Roach x7  
  74  14:31  Roach x3  
  106  14:35  Lair  
  106  14:36  Extractor  
  105  14:45  Drone  
  105  14:46  Drone x3  
  91  15:14  Drone  
  91  15:15  Drone x11  
  103  15:31  Queen  
  105  15:41  Hatchery  
  104  15:43  Roach x2  
  104  15:44  Roach x6  
  114  16:02  Zergling x18  
  114  16:03  Hydralisk Den, Zergling x8  
  122  16:37  Hydralisk  
  122  16:38  Hydralisk x10  
  144  16:40  Lurker Den  
  144  16:42  Overlord x3  
  140  17:00  Hydralisk x5, Zergling x10  
  104  17:48  Hydralisk  
  104  17:49  Hydralisk x12  
  107  18:00  Hydralisk  
  107  18:01  Hydralisk x3  
  107  18:04  Drone x2  
  107  18:05  Drone x2  
  115  18:15  Lurker x2  
Tags
 
Add a new tag
Caveats
  • Supply blocks, unpowered buildings, or Contaminate may cause inaccurate times.
  • Supply counts are checked every 10 seconds.